 Dungeon Crawl Stone Soup version 0.30.0-5-g1a98f26d00 (webtiles) character file.

Game seed: 15883069595653521479

587 Exaltedone87 the Slasher (level 7, 0/48 (53) HPs)
             Began as a Demonspawn Gladiator on May 8, 2023.
             Slain by a gnoll bouda
             ... wielding a +0 whip of draining
              (11 damage)
             ... on level 5 of the Dungeon on May 9, 2023.
             The game lasted 00:08:03 (4037 turns).

Exaltedone87 the Slasher (Demonspawn Gladiator)     Turns: 4037, Time: 00:08:04

HP:   0/48 (53)     AC: 12    Str: 14    XL:     7   Next: 15%
MP:   7/7           EV: 13    Int:  9    God:
Gold: 204           SH:  0    Dex: 17    Spells: 6/6 levels left

rFire   . . .        a - +2 long sword (heavy)
rCold   . . .        (no shield)
rNeg    + . .        b - +0 leather armour
rPois   .            k - +1 helmet
rElec   .            f - +1 cloak
rCorr   .            (no gloves)
SInv    .            u - +0 pair of boots
Will    .....        (no amulet)
Stlth   +            o - ring of positive energy
HPRegen 0.28/turn    r - +4 ring of protection
MPRegen 0.20/turn

%: no passive effects
@: weakened, drained
A: hooves 1, demonic guardian 1, magic regeneration
a: no special abilities


You were on level 5 of the Dungeon.
You visited 1 branch of the dungeon, and saw 5 of its levels.

You collected 204 gold pieces.

Inventory:

Hand Weapons
 a - a +2 heavy long sword (weapon)
Missiles
 d - 3 throwing nets (quivered)
 e - a javelin
Armour
 b - a +0 leather armour (worn)
 f - a +1 cloak (worn)
 k - a +1 helmet (worn)
 u - a +0 pair of boots (worn)
Jewellery
 o - a ring of positive energy (left hand)
 r - a +4 ring of protection (right hand)
Wands
 p - a wand of charming (5)
 s - a wand of mindburst (19)
Scrolls
 n - 5 scrolls of teleportation
 t - a scroll of fog
Potions
 c - a potion of haste
 g - 2 potions of heal wounds
 h - a potion of berserk rage {unknown}
 i - a potion of brilliance
 j - a potion of might
 l - a potion of curing
 m - a potion of cancellation
 q - 2 potions of mutation {unknown}


   Skills:
 + Level 3.9 Fighting
 * Level 5.1 Long Blades
 - Level 1.7 Throwing
 + Level 2.8 Armour
 + Level 4.1 Dodging


You had 6 spell levels left.
You didn't know any spells.
Your spell library contained the following spells:

 Spells                   Type           Power      Damage    Failure   Level
 Kiss of Death            Conj/Necr      0%         2d5       45%         1
 Confusing Touch          Hex            0%         N/A       83%         3
 Dispel Undead            Necr           0%         3d6       99%         4


Dungeon Overview and Level Annotations

Branches:
Dungeon (5/15)
 Temple: D:4-7

Altars:
Hepliaklqana
Sif Muna
Vehumet
Yredelemnul

Annotations:
D:3 exclusion: statue


Innate Abilities, Weirdness & Mutations

You have large cloven feet.
A weak demonic guardian rushes to your aid.
You regenerate magic rapidly.


Message History

The gnoll bouda closely misses you. The gnoll hits you but does no damage.
The gnoll bouda hits you with a +0 whip of draining.
You partially resist.
You feel drained.
You hit the gnoll.
The gnoll is almost dead.
The gnoll hits you but does no damage.
The gnoll bouda hits you with a +0 whip of draining!
You partially resist.
You feel drained.
* * * LOW HITPOINT WARNING * * *
The gnoll hits you but does no damage.
You slash the gnoll!
You kill the gnoll!
The gnoll bouda closely misses you.
The gnoll bouda hits you but does no damage.
You partially resist.
You completely miss the gnoll bouda. The gnoll bouda barely misses you. x2
You slash the gnoll bouda!
The gnoll bouda is heavily wounded.
The gnoll bouda barely misses you.
The gnoll bouda hits you but does no damage.
You partially resist.
Unknown command.
You closely miss the gnoll bouda.
The gnoll bouda is heavily wounded.
The gnoll bouda hits you but does no damage.
You partially resist.
You closely miss the gnoll bouda.
The gnoll bouda is heavily wounded.
The gnoll bouda barely misses you.
The gnoll bouda hits you with a +0 whip of draining.
* * * LOW HITPOINT WARNING * * *
You partially resist.
You feel drained.
* * * LOW HITPOINT WARNING * * *
You hit the gnoll bouda.
The gnoll bouda is severely wounded.
The gnoll bouda barely misses you.
The gnoll bouda gazes fiercely through you!
You feel your attacks grow feeble.
The gnoll bouda hits you with a +0 whip of draining!
You die...

...............###.........
..............## #.........
..............# ##.....##..
............###..........
...........###...........
............†...........
.....###))..............
... ##g.)...####...... .
#.@)...## ......
##.)##...... ......
#...##...... .#####
#...###......# #....
.....### #...........#
#........ ..# g.....###..
....### #..


You could see a gnoll bouda.

Vanquished Creatures
  A phantom (D:5)
  2 scorpions (D:4)
  4 hounds
  An orc priest (D:3)
  2 iguanas (D:5)
  Ijyb (D:5)
  4 adders
  3 gnolls (D:5)
  3 white imps (D:5)
  3 orcs
  7 ball pythons
  8 endoplasms
  3 giant cockroaches
  10 goblins
  9 hobgoblins
  4 jackals
  6 kobolds
  3 quokkas
  4 bats
  A frilled lizard (D:1)
  2 rats
81 creatures vanquished.

Vanquished Creatures (collateral kills)
  A gnoll (D:5)
  An orc (D:5)
  A quokka (D:4)
  A ball python (D:4)
4 creatures vanquished.

Grand Total: 85 creatures vanquished

Notes
Turn   | Place    | Note
-------+----------+-------------------------------------------
     0 | D:1      | Exaltedone87 the Demonspawn Gladiator began the quest for
                  | the Orb.
     0 | D:1      | Reached XP level 1. HP: 16/16 MP: 1/1
   103 | D:1      | Gained mutation: A weak demonic guardian rushes to your
                  | aid. [demonic ancestry]
   103 | D:1      | Reached XP level 2. HP: 22/22 MP: 2/2
   144 | D:1      | Reached skill level 3 in Long Blades
   409 | D:1      | Gained mutation: You regenerate magic rapidly. [demonic
                  | ancestry]
   409 | D:1      | Reached XP level 3. HP: 28/28 MP: 3/3
   675 | D:1      | Reached skill level 1 in Armour
  1388 | D:3      | Reached XP level 4. HP: 31/34 MP: 4/4
  1419 | D:3      | Found a radiant altar of Vehumet.
  1419 | D:3      | Noticed a frost-covered statue
  1663 | D:3      | Reached XP level 5. HP: 23/40 MP: 5/5
  1943 | D:3      | Found a hazy altar of Hepliaklqana.
  2521 | D:4      | Reached skill level 4 in Long Blades
  2756 | D:4      | Reached XP level 6. HP: 42/47 MP: 6/6
  2899 | D:4      | Found a basalt altar of Yredelemnul.
  2901 | D:4      | Found a shimmering blue altar of Sif Muna.
  3325 | D:5      | Entered Level 5 of the Dungeon
  3514 | D:5      | Noticed Ijyb
  3524 | D:5      | Killed Ijyb
  3976 | D:5      | Reached skill level 5 in Long Blades
  3976 | D:5      | Gained mutation: You have large cloven feet. [demonic
                  | ancestry]
  3976 | D:5      | Reached XP level 7. HP: 53/53 MP: 7/7
  4037 | D:5      | Slain by a gnoll bouda

Illustrated notes

Levels and vault maps discovered:
D:1:      dpeg_arrival_tiny_i, layout_basic
D:2:      layout_basic, serial_curves, eino_curves_02, eino_curves_03
D:3:      layout_loops_ring, vehumet_statue, worldfamousw_hep_ancestral_shrine
D:4:      layout_basic, amethyst_overflow_temple_binary, corexii_shack
D:5:      layout_layer_cave, slow_altar_2, uniq_ijyb

Skill      XL: |  1  2  3  4  5  6 |
---------------+-------------------+-----
Long Blades    | 3 4 5 |  5.1
Dodging        | 3 4 |  4.1
Armour         | 1 2 |  2.8
Fighting       | 3 |  3.9
Throwing       | |  1.7

Action                     |  1- 3 |  4- 6 |  7- 9 || total
---------------------------+-------+-------+-------++-------
  Melee: Long sword        |    83 |   148 |    24 ||   255
         Punch             |       |     1 |       ||     1
    Use: Scroll            |     6 |    12 |       ||    18
         Potion            |       |     1 |       ||     1
   Stab: Sleeping          |     4 |     2 |       ||     6
 Armour: Leather armour    |    33 |    51 |    23 ||   107
  Dodge: Dodged            |    71 |   130 |    37 ||   238
